[Event "FIDE World Chess Cup 2015"]
[Site "Baku"]
[Date "2015.09.22"]
[Round "4.4"]
[White "Wojtaszek, Radoslaw"]
[Black "Giri, Anish"]
[Result "0-1"]
[ECO "D10"]
[WhiteElo "2741"]
[BlackElo "2793"]
[Annotator "Robot 11"]
[PlyCount "82"]
[EventDate "2015.??.??"]
[EventCountry "AZE"]
[TimeControl "1500+10"]

1. d4 d5 2. c4 c6 3. Nc3 Nf6 4. e3 e6 5. b3 Bb4 6. Bb2 Ne4 7. Nge2 Qf6 8.
f3 Bxc3+ 9. Bxc3 Nxc3 10. Nxc3 O-O 11. f4 c5 12. cxd5 cxd4 13.
Qxd4 Qxd4 14. exd4 exd5 15. Nxd5 Nc6 16. Nc7 Rb8 17. d5 Ne7 18.
O-O-O Rd8 19. Bc4 Kf8 20. Rhe1 Bg4 21. Rd2 Rbc8 22. h3 Bd7 23. g4 Rxc7 24. d6 Rxc4+ 25. bxc4 Nc6 26. c5 g6 27. Rb2 Bc8 28.
Re4 Kg7 29. Kd2 h5 30. Kc3 hxg4 31. hxg4 Rh8 32. Re3 Rh1 33. Rd3 Nb8 34. g5 Rc1+ 35. Kd4 Nd7 36. Rb5 a6 37. Ra5 Nb8 38. Ke3 Bd7 39. Rb3 Bc6 40. Kd4 Nd7 41. Rc3 Rf1 0-1